 Dungeon Sprint DCSS version 0.29-a0-653-gd47aff6735 (webtiles) character file.

Game seed: 7685947458787825939

634 purpskrrrp the Fighter (level 7, -4/136 HPs)
             Began as an Ogre Berserker on June 22, 2022.
             Was a Believer of Trog.
             Slain by a sixfirhy (11 damage)
             ... summoned by a kobold demonologist
             ... in the Dungeon (Sprint I: "Red Sonja").
             The game lasted 00:03:30 (518 turns).

purpskrrrp the Fighter (Ogre Berserker)              Turns: 518, Time: 00:03:30

Health: -4/136     AC:  3    Str: 24    XL:     7   Next: 49%
Magic:  7/7        EV: 11    Int:  8    God:    Trog [**....]
Gold:   419        SH:  0    Dex:  8    Spells: 6/6 levels left

rFire   . . .      SeeInvis .   j - +0 giant club
rCold   . . .      Faith    .   (shield currently unavailable)
rNeg    . . .      Spirit   .   b - +0 animal skin
rPois   .          Reflect  .   (helmet restricted)
rElec   .          Harm     .   (no cloak)
rCorr   .          Rampage  .   (gloves unavailable)
Will    .....      NoTele   +   (boots unavailable)
Stlth   ..........              k - amulet of regeneration
HPRegen 1.12/turn               (no ring)
MPRegen 0.10/turn               (no ring)

@: berserking (expiring), very quick
A: large, unfitting armour, tough skin 1
a: Renounce Religion, Berserk, Trog's Hand


You were in the Dungeon.
You worshipped Trog.
Trog was pleased with you.
You visited 1 branch You collected 419 gold pieces.

Inventory:

Hand Weapons
 a - a +0 hand axe
 j - a +0 giant club (weapon)
Missiles
 l - 4 poisoned darts (quivered)
Armour
 b - a +0 animal skin (worn)
Jewellery
 k - an amulet of regeneration (around neck)
Wands
 i - a wand of polymorph (9)
Scrolls
 h - a scroll of blinking
Potions
 c - a potion of curing
 d - a potion of heal wounds
 e - a potion of haste
 f - 2 potions of magic
 g - a potion of berserk rage


   Skills:
 + Level 12.0 Fighting
 + Level 9.7(10.2) Axes
 + Level 4.1(7.0) Maces & Flails
 + Level 8.0 Dodging


You had 6 spell levels left.
You didn't know any spells.
Your spell library was empty.

Dungeon Overview and Level Annotations

Branches:
Dungeon (1/1)

Altars:
Cheibriados
Dithmenos
Elyvilon
Fedhas
Gozag
Hepliaklqana
Kikubaaqudgha
Makhleb
Nemelex Xobeh
Okawaru
Qazlal
Ru
Sif Muna
Trog
Uskayaw
Vehumet
Wu Jian
Xom
Yredelemnul
Zin
The Shining One
Jiyva
Lugonu

Shops:
D (


Innate Abilities, Weirdness & Mutations

You are too large for most types of armour.
You have tough skin. (AC +1)


Message History

You suddenly lose the ability to move!
The kobold demonologist casts a spell.
The sixfirhy completely misses you. The sixfirhy hits you.
The sixfirhy shocks you!
The kobold demonologist hits you with a +0 dagger.
The kobold demonologist casts a spell.
The sixfirhy hits you! The sixfirhy shocks you! The sixfirhy hits you.
The sixfirhy shocks you! The sixfirhy hits you! The sixfirhy shocks you!
The sixfirhy hits you. The sixfirhy shocks you!
The kobold demonologist hits you with a +0 dagger.
The kobold demonologist gestures wildly while chanting.
The sixfirhy hits you!
* * * LOW HITPOINT WARNING * * *
The sixfirhy shocks you!
* * * LOW HITPOINT WARNING * * *
The shadow imp disappears in a puff of smoke!
The sixfirhy hits you.
* * * LOW HITPOINT WARNING * * *
The sixfirhy shocks you!
* * * LOW HITPOINT WARNING * * *
The floating eye's stare focuses on you.
The kobold demonologist casts a spell.
The kobold demonologist hits you with a +0 dagger.
* * * LOW HITPOINT WARNING * * *
The kobold demonologist begins to cast a cantrip, but forgets the words!
You can move again.
You barely miss the kobold demonologist.
The kobold demonologist is almost dead.
The kobold demonologist casts a spell.
The floating eye gazes piercingly through you!
You shrug off the repeated paralysis!
The sixfirhy barely misses you.
You barely miss the kobold demonologist.
The kobold demonologist is almost dead.
The sixfirhy hits you but does no damage.
The sixfirhy hits you.
* * * LOW HITPOINT WARNING * * *
The sixfirhy shocks you!
* * * LOW HITPOINT WARNING * * *
The sixfirhy hits you!
You die...

#####################
.'..#..'..#__#.3@GK5#
.#..').#..'..'..#K35#
###'#####'#__####555+
##..#...#.#### ####
_####..##.#
____##'#_.+
.∩...'..._#
..__##_.#'#
____###+#.#


You could see a sun demon (summoned), 2 kobold demonologists, a sixfirhy
(summoned), a floating eye, an iron imp (summoned), a crimson imp (summoned), a
white imp (summoned), a shadow imp (summoned) and an ufetubus (summoned).

Vanquished Creatures
  A slime creature (D)
  Sigmund (D)
  A yak (D)
  An ogre (D)
  A jelly (D)
  Ijyb (D)
6 creatures vanquished.

Notes
Turn   | Place    | Note
-------+----------+-------------------------------------------
     0 | D        | purpskrrrp the Ogre Berserker began the quest for the Orb.
     0 | D        | Reached XP level 1. HP: 24/24 MP: 1/1
     1 | D        | Noticed Ijyb
     8 | D        | Killed Ijyb
     9 | D        | Reached skill level 5 in Fighting
     9 | D        | Reached XP level 2. HP: 36/36 MP: 2/2
     9 | D        | Reached XP level 3. HP: 44/44 MP: 3/3
    80 | D        | Noticed an ogre
    85 | D        | Killed an ogre
    86 | D        | Reached skill level 7 in Fighting
    86 | D        | Reached skill level 5 in Dodging
    86 | D        | Reached XP level 4. HP: 57/57 MP: 4/4
   156 | D        | Noticed Sigmund
   160 | D        | Killed Sigmund
   160 | D        | Reached ** piety under Trog
   161 | D        | Reached skill level 9 in Fighting
   161 | D        | Reached skill level 1 in Maces & Flails
   161 | D        | Reached XP level 5. HP: 68/68 MP: 5/5
   161 | D        | Reached XP level 6. HP: 78/78 MP: 6/6
   222 | D        | Found a burning altar of Makhleb.
   222 | D        | Found a shimmering altar of Xom.
   222 | D        | Noticed a slime creature
   223 | D        | Found a viscous altar of Jiyva.
   223 | D        | Found a corrupted altar of Lugonu.
   229 | D        | Killed a slime creature
   230 | D        | Reached skill level 11 in Fighting
   230 | D        | Reached XP level 7. HP: 71/88 MP: 7/7
   385 | D        | Found an ornate altar of the Wu Jian Council.
   385 | D        | Found a shimmering blue altar of Sif Muna.
   387 | D        | Found a radiant altar of Vehumet.
   476 | D        | Found Amill's Antique Weapon Emporium.
   476 | D        | Found an ancient bone altar of Kikubaaqudgha.
   476 | D        | Found a hazy altar of Hepliaklqana.
   476 | D        | Found a stormy altar of Qazlal.
   476 | D        | Found a hide-covered altar of Uskayaw.
   476 | D        | Found a blossoming altar of Fedhas.
   476 | D        | Found a bloodstained altar of Trog.
   476 | D        | Found an iron altar of Okawaru.
   476 | D        | Found a basalt altar of Yredelemnul.
   476 | D        | Found a glowing golden altar of the Shining One.
   476 | D        | Found a snail-covered altar of Cheibriados.
   476 | D        | Found a sacrificial altar of Ru.
   476 | D        | Found a glowing silver altar of Zin.
   476 | D        | Found a shadowy altar of Dithmenos.
   476 | D        | Found a white marble altar of Elyvilon.
   476 | D        | Noticed a yak
   479 | D        | Killed a yak
   480 | D        | Reached skill level 12 in Fighting
   480 | D        | Found an opulent altar of Gozag.
   481 | D        | Found a sparkling altar of Nemelex Xobeh.
   509 | D        | Noticed a kobold demonologist
   509 | D        | Noticed a kobold demonologist
   512 | D        | Noticed a sun demon
   512 | D        | Paralysed by a floating eye for 4 turns
   513 | D        | Noticed a sixfirhy
   518 | D        | Slain by a sixfirhy

Illustrated notes

Levels and vault maps discovered:
D:        dungeon_sprint_1 [red_sonja_temple_1, red_sonja_temple_small_1]

Skill      XL: |  1  2  3  4  5  6  7 |
---------------+----------------------+-----
Fighting       | 5 7 9 11 12 | 12.0
Axes           | 4 6 8 9 |  9.7
Dodging        | 4 5 6 7 8 |  8.0
Maces & Flails | 1 3 4 |  4.1

Action                   |  1- 3 |  4- 6 |  7- 9 || total
-------------------------+-------+-------+-------++-------
Melee: Hand axe          |    10 |       |       ||    10
       Giant club        |       |     7 |     8 ||    15
Invok: Berserk           |     2 |     2 |     1 ||     5
Armor: Animal skin       |       |       |     1 ||     1
Dodge: Dodged            |     1 |     3 |     3 ||     7

Table legend: (Time is in decaauts)
 A = Elapsed time spent in this place.
 B = Non-inter-level travel time spent in this place.
 C = Inter-level travel time spent in this place.
 D = Time resting spent in this place.
 E = Time spent auto-exploring this place.
 F = Levels seen in this place.
 G = Mean time per level.
                   A        B        C        D        E       F      G
               +--------+--------+--------+--------+--------+-----+--------+
         Total |    565 |    518 |     47 |    421 |      1 |   1 |  565.0 |
       Dungeon |    565 |    518 |     47 |    421 |      1 |   1 |  565.0 |
               +--------+--------+--------+--------+--------+-----+--------+

Top non-repeatable levels by time:
       D: 565 daAuts
